 Dungeon Crawl Stone Soup version 0.20.1-1-g8b1a95d (webtiles) character file.

405 vatarom the Insei (level 6, -9/46 HPs)
             Began as a Demonspawn Transmuter on Oct 12, 2017.
             Shot with an arrow by a centaur (12 damage)
             ... on level 5 of the Dungeon.
             The game lasted 00:07:31 (2935 turns).

vatarom the Insei (Demonspawn Transmuter)           Turns: 2935, Time: 00:07:32

Health: -9/46      AC:  2    Str: 12    XL:     6   Next: 56%
Magic:  5/10       EV: 20    Int: 15    God:
Gold:   195        SH:  0    Dex: 18    Spells: 1/11 levels left

rFire    . . .     SeeInvis +     - Unarmed
rCold    . . .     Gourm    .   (shield currently unavailable)
rNeg     . . .     Faith    .   (armour currently unavailable)
rPois    x         Spirit   .   (helmet currently unavailable)
rElec    .         Reflect  .   (cloak currently unavailable)
rCorr    .         Harm     .   (gloves currently unavailable)
MR       .....                  (boots currently unavailable)
Stlth    ++........             (no amulet)
Regen    0.2/turn               p - ring of see invisible
MPRegen  0.2/turn               (no ring)

@: spider-form, very slightly contaminated
A: demonic guardian 2
a: End Transformation


You were on level 5 of the Dungeon.
You were not hungry.
You were a venomous arachnid creature.
You visited 1 branch of the dungeon, and saw 4 of its levels.

You collected 195 gold pieces.

Inventory:

Missiles
 a - 35 arrows
Armour
 b - a +2 robe (melded)
 e - a +0 cloak (melded)
 o - a +0 buckler
Jewellery
 p - a ring of see invisible (left front leg)
 t - a +3 ring of strength {unknown}
Scrolls
 h - 2 scrolls of teleportation
 i - a scroll of enchant weapon
 j - a scroll of enchant armour
 n - a scroll of blinking {unknown}
 q - a scroll of remove curse
Potions
 g - a potion of haste {unknown}
 k - a potion of mutation {unknown}
 m - a potion of invisibility {unknown}
 s - a potion of agility {unknown}
 u - a potion of flight {unknown}
Books
 c - a book of Changes

   Spells                             Type                      Level
   a - Beastly Appendage              Transmutation                1
   b - Sticks to Snakes               Transmutation                2
   c - Spider Form                    Transmutation/Poison         3
   d - Ice Form                       Ice/Transmutation            4
   e - Blade Hands                    Transmutation                5
Comestibles
 d - a bread ration
 f - 5 fruits
 l - 3 chunks of flesh
 r - 2 meat rations


   Skills:
 + Level 2.6 Fighting
 - Level 2.6 Dodging
 + Level 4.7 Unarmed Combat
 + Level 3.1 Spellcasting
 + Level 2.9 Transmutations
 * Level 0.6 Ice Magic


You had one spell level left.
You knew the following spells:

 Your Spells              Type           Power        Failure   Level  Hunger
a - Beastly Appendage     Tmut           ##....       17%         1    #......
b - Sticks to Snakes      Tmut           ##......     22%         2    ##.....
c - Spider Form           Tmut/Pois      #.........   54%         3    ###....
d - Ice Form              Ice/Tmut       #.......     85%         4    #####..


Dungeon Overview and Level Annotations

Branches:
Dungeon (3/15)

Altars:
Gozag
Sif Muna


Innate Abilities, Weirdness & Mutations

((You have a pair of small antennae on your head.))
((You are partially covered in icy blue scales. (AC +2)))
A demonic guardian rushes to your aid.


Message History

The centaur misses you.
Unknown command.
You barely miss the centaur.
The centaur is lightly wounded.
The centaur barely misses you. The centaur completely misses you.
Unknown command.
You hit the centaur.
The centaur looks as sick as possible!
The centaur is lightly wounded.
The centaur completely misses you.
You bite the centaur!
The centaur is severely wounded.
The centaur hits you.
* * * LOW HITPOINT WARNING * * *
The centaur hits you but does no damage.
Unknown command.
You swap places.
The centaur wields an uncursed shortbow.
The centaur shoots an arrow.
The arrow barely misses your ice devil. The arrow hits you!
You die...

#..$. #...
#.###..#
#.....(# ..
#.##.#(# .# #
#.# .# #(# .#
#c#####.#
#.4s....####
###........#
#.##..##.#
#.##..#
#.#...#
#.#.#.# #
####.#.#.# .#
..##.#.#.##.#
#.##.#......#


You could see a centaur and a friendly ice devil.

Vanquished Creatures
  Sigmund (D:2)
  A hound (D:5)
  2 iguanas (D:5)
  An adder (D:2)
  A gnoll (D:5)
  An ooze (D:2)
  2 dart slugs
  6 leopard geckos
  3 goblins (D:2)
  4 hobgoblins
  5 jackals
  2 quokkas
  11 bats
  6 frilled lizards
  A jackal skeleton (D:5)
  4 kobolds
  5 rats
56 creatures vanquished.

Vanquished Creatures (collateral kills)
  A sky beast (D:5)
  An ogre (D:5)
  2 gnolls (D:5)
  A ball python skeleton (D:5)
5 creatures vanquished.

Grand Total: 61 creatures vanquished

Notes
Turn   | Place    | Note
-------+----------+-------------------------------------------
     0 | D:1      | vatarom the Demonspawn Transmuter began the quest for the Orb.
     0 | D:1      | Reached XP level 1. HP: 15/15 MP: 3/3
   295 | D:1      | Reached skill level 3 in Unarmed Combat
   306 | D:1      | Gained mutation: You are partially covered in icy blue scales. (AC +2) [demonic ancestry]
   306 | D:1      | Reached XP level 2. HP: 3/21 MP: 1/5
   311 | D:1      | HP: 1/21 [jackal (2)]
   888 | D:1      | Learned a level 2 spell: Sticks to Snakes
  1506 | D:2      | Gained mutation: A weak demonic guardian rushes to your aid. [demonic ancestry]
  1506 | D:2      | Reached XP level 3. HP: 21/26 MP: 6/6
  1635 | D:2      | Learned a level 3 spell: Spider Form
  1663 | D:2      | Noticed Sigmund
  1671 | D:2      | Killed Sigmund
  1671 | D:2      | Reached skill level 4 in Unarmed Combat
  1671 | D:2      | Reached XP level 4. HP: 33/33 MP: 3/8
  1671 | D:2      | Gained mutation: A demonic guardian rushes to your aid. [demonic ancestry]
  1671 | D:2      | Reached XP level 5. HP: 38/38 MP: 3/9
  1936 | D:2      | Found an opulent altar of Gozag.
  2210 | D:2      | Found a deep blue altar of Sif Muna.
  2394 | D:3      | You fall through a shaft for 2 floors!
  2394 | D:5      | Entered Level 5 of the Dungeon
  2397 | D:5      | Noticed an ogre
  2403 | D:5      | Killed an ogre
  2404 | D:5      | Noticed a sky beast
  2412 | D:5      | Gained mutation: You have a pair of small antennae on your head. [demonic ancestry]
  2412 | D:5      | Reached XP level 6. HP: 36/46 MP: 6/10
  2416 | D:5      | Killed a sky beast
  2420 | D:5      | HP: 2/46 [smoke demon][the player character] (13)]
  2761 | D:5      | Learned a level 4 spell: Ice Form
  2935 | D:5      | Shot with an arrow by a centaur

Skill      XL: |  1  2  3  4  5  6 |
---------------+-------------------+-----
Unarmed Combat | 3 4 |  4.7
Dodging        | 2 |  2.6
Transmutations | 2 |  2.9
Fighting       | 2 |  2.6
Spellcasting   | 3 |  3.1
Ice Magic      | |  0.6

Action                   |  1- 3 |  4- 6 || total
-------------------------+-------+-------++-------
Melee: Unarmed           |   122 |   109 ||   231
       Headbutt          |    14 |       ||    14
       Kick              |     1 |     8 ||     9
       Punch             |     1 |       ||     1
 Cast: Beastly Appendage |    19 |    13 ||    32
       Spider Form       |     1 |     4 ||     5
  Use: Scroll            |     7 |       ||     7
       Potion            |     1 |       ||     1
 Stab: Sleeping          |     2 |     1 ||     3
  Eat: Chunk             |     2 |     5 ||     7
       Fruit             |     1 |       ||     1
Armor: Robe              |    57 |    23 ||    80
       Skin              |       |     1 ||     1
Dodge: Dodged            |    88 |    86 ||   174
